 Dungeon Crawl Stone Soup version 0.29.1-2-gbd0b4ee654 (webtiles) character file.

Game seed: 5181326325553843909

18 mortz the Chopper (level 2, 0/27 HPs)
             Began as a Hill Orc Monk on Nov 12, 2022.
             Slain by Sigmund
             ... wielding a +0 scythe
              (4 damage)
             ... on level 2 of the Dungeon.
             The game lasted 00:04:46 (973 turns).

mortz the Chopper (Hill Orc Monk)                    Turns: 973, Time: 00:04:46

Health: 0/27       AC: 12    Str: 13    XL:     2   Next: 70%
Magic:  11/11      EV: 19    Int: 10    God:
Gold:   78         SH:  0    Dex: 13    Spells: 1/1 levels left

rFire   . . .      SeeInvis .   (weapon currently unavailable)
rCold   . . .      Faith    .   (shield currently unavailable)
rNeg    + + +      Spirit   .   (body armour currently unavailable)
rPois   +          Reflect  .   (helmet currently unavailable)
rElec   .          Harm     .   (cloak currently unavailable)
rCorr   .          Rampage  .   (gloves currently unavailable)
Will    .....                   (boots currently unavailable)
Stlth   ++........              (no amulet)
HPRegen 0.09/turn               d - ring of magical power
MPRegen 0.12/turn               (no ring)

@: fungus-form
A: melee confuse, terrified, no casting, tiny
a: no special abilities


You were on level 2 of the Dungeon.
You were a sentient fungus.
You visited 1 branch of the dungeon, and saw 2 of its levels.

You collected 78 gold pieces.

Inventory:

Hand Weapons
 a - a +0 hand axe (melded)
 f - a +1 dagger of venom
 j - a +2 dagger of venom
Missiles
 e - 5 atropa-tipped darts (quivered)
 l - 5 poisoned darts
Armour
 b - a +0 robe
 m - a +0 leather armour (melded)
Jewellery
 d - a ring of magical power (left hypha)
Scrolls
 g - 2 scrolls of identify {unknown}
 h - a scroll of immolation {unknown}
 i - a scroll of fog {unknown}
 k - a scroll of teleportation {unknown}


   Skills:
 + Level 3.9 Fighting
 + Level 4.3 Axes
 + Level 2.8 Dodging
 + Level 1.6 Stealth


You had one spell level left.
You didn't know any spells.
Your spell library contained the following spells:

 Spells                   Type           Power      Damage    Failure   Level
 Blink                    Tloc           0%         N/A       50%         2
 Manifold Assault         Tloc           0%         N/A       100%        5
 Storm Form               Tmut/Air       0%         N/A       100%        7


Dungeon Overview and Level Annotations

Branches:
Dungeon (2/15) Zot: 11023

Altars:

Annotations:
D:2 Sigmund


Message History

You're too terrified to move while being watched!
You are confused.
You feel invigorated.
A jackal comes into view.
You closely miss the jackal.
A jackal comes into view.
You bump into the rock wall.
The jackal barks! x2
Something closely misses you.
You barely miss the jackal.
You stop sporulating.
Your +0 hand axe unmelds from your body.
Your +0 leather armour unmelds from your body.
You feel less invigorated.
You feel less confused. The jackal misses you. Something hits you!
The jackal closely misses you.
You miss the jackal. You hit something. The jackal bites you.
You hear a zap.
Something tries to affect you, but you resist.
You hit the jackal.
The jackal is heavily wounded.
You hit something. The jackal bites you.
You hear a zap.
You turn into a sentient fungus.
Your +0 hand axe melds into your body.
Your +0 leather armour melds into your body.
The jackal closely misses you.
You barely miss the jackal.
The jackal is heavily wounded.
The jackal completely misses you. Something hits you.
You release spores at the jackal!
You kill the jackal!
Something hits you.
* * * LOW HITPOINT WARNING * * *
You barely miss the jackal. The jackal misses you.
The jackal barely misses you.
You barely miss the jackal. The jackal bites you.
* * * LOW HITPOINT WARNING * * *
Something hits you.
You die...

######### #.......# ........# #
...$....# ###### ...
........####....####.....
.......)........fhhh.....
.........###....####.....#######
.........###....# ...#....J#
..........####### .#<....#
.....#......### #.....#
...#.#.......... ......#
...............#### .......#
......#.#.........# ...######
.####....####..#... #..#


You could see 3 jackals.

Vanquished Creatures
  A giant cockroach (D:1)
  3 goblins
  2 hobgoblins (D:1)
  A jackal (D:2)
  2 quokkas
  2 frilled lizards
  5 kobolds
  2 rats (D:1)
18 creatures vanquished.

Notes
Turn   | Place    | Note
-------+----------+-------------------------------------------
     0 | D:1      | mortz the Hill Orc Monk began the quest for the Orb.
     0 | D:1      | Reached XP level 1. HP: 19/19 MP: 1/1
   341 | D:1      | Reached XP level 2. HP: 26/27 MP: 2/2
   940 | D:2      | Noticed Sigmund
   949 | D:2      | HP: 1/27 [something/magic dart (5)]
   973 | D:2      | Slain by Sigmund

Illustrated notes

Levels and vault maps discovered:
D:1:      dpeg_arrival_rhombus, layout_loops_ring
D:2:      layout_rooms, uniq_sigmund

Action                   || total
-------------------------++-------
Melee: Hand axe          ||    40
       Unarmed           ||     8
Throw: Dart              ||     7
  Use: Potion            ||     1
 Stab: Sleeping          ||     2
Armor: Robe              ||     5
       Skin              ||     3
Dodge: Dodged            ||    17
